 Dungeon Crawl Stone Soup version 0.27.1-3-gb3d3a73c9e (webtiles) character file.

Game seed: 13369522923841918363

65 styxcanada the Sneak (level 3, -8/18 HPs)
             Began as a Spriggan Brigand on Oct 15, 2021.
             Killed from afar by an orc wizard (12 damage)
             ... with a puff of flame
             ... on level 3 of the Dungeon.
             The game lasted 00:06:59 (2121 turns).

styxcanada the Sneak (Spriggan Brigand)             Turns: 2121, Time: 00:07:00

Health: -8/18      AC:  3    Str:  7    XL:     3   Next: 94%
Magic:  4/4        EV: 18    Int: 12    God:
Gold:   65         SH:  0    Dex: 23    Spells: 2/2 levels left

rFire    . . .     SeeInvis +   a - +2 dagger
rCold    . . .     Faith    .   (shield restricted)
rNeg     . . .     Spirit   .   g - +0 robe {Will+}
rPois    .         Reflect  .   (helmet restricted)
rElec    .         Harm     .   c - +0 cloak
rCorr    .         Rampage  .   (gloves unavailable)
Will     +....                  (boots unavailable)
Stlth    ++++......             (no amulet)
HPRegen  0.06/turn              h - +6 ring of dexterity
MPRegen  0.09/turn              j - ring of flight

@: flying, very quick
A: very small, no large weapons, unfitting armour, see invisible, speed 3
a: no special abilities


You were on level 3 of the Dungeon.
You visited 1 branch of the dungeon, and saw 3 of its levels.

You collected 65 gold pieces.

Inventory:

Hand Weapons
 a - a +2 dagger (weapon)
 m - a +0 dagger of venom
Missiles
 d - 19 poisoned darts (quivered)
 e - 2 curare-tipped darts
 k - 44 stones
Armour
 c - a +0 cloak (worn)
 g - a +0 robe of willpower (worn)
Jewellery
 h - a +6 ring of dexterity (left hand)
 j - a ring of flight (right hand)
Scrolls
 b - 2 scrolls of vulnerability {unknown}
 f - 3 scrolls of identify {unknown}
 i - a scroll of enchant armour {unknown}
Potions
 l - a potion of heal wounds {unknown}


   Skills:
 * Level 1.8 Fighting
 + Level 2.2 Short Blades
 + Level 2.3 Throwing
 * Level 2.4 Dodging
 * Level 7.5 Stealth


You had 2 spell levels left.
You didn't know any spells.
Your spell library contained the following spells:

 Spells                   Type           Power      Damage    Failure   Level
 Sublimation of Blood     Necr           0%         N/A       45%         2
 Wereblood                Tmut           0%         N/A       45%         2
 Summon Hydra             Summ           0%         N/A       100%        7


Dungeon Overview and Level Annotations

Branches:
Dungeon (3/15)

Altars:


Innate Abilities, Weirdness & Mutations

You are very small and have problems with some larger weapons.
You are too small for most types of armour.
You have supernaturally acute eyesight. (SInv)
You cover ground extremely quickly. (Speed+++)


Message History

Found 32 stones and a leather armour.
Found an escape hatch in the ceiling.
The goblin shouts!
You closely miss the goblin. You closely miss the goblin.
The goblin barely misses you.
You barely miss the goblin. The rat misses you. The goblin closely misses you.
You closely miss the goblin. The rat bites you but does no damage.
The goblin hits you with a +0 dagger of venom.
You are poisoned.
You hit the goblin.
You kill the goblin!
You feel very sick. The rat misses you.
You hit the rat but do no damage.
You feel sick. The rat misses you.
You hit the rat.
You kill the rat!
You feel sick.
You feel sick.
You feel sick.
You feel sick.
You see here a +0 dagger of venom.
m - a +0 dagger of venom You feel sick.
You start resting.
You feel sick. x3
You are no longer poisoned.
An orc wizard comes into view. It is wielding a +0 dagger.
You see here 32 stones.
k - 44 stones (gained 32)
Found a scroll labelled WIWEAD ETSYRUSIC.
A rat, an orc and an orc priest come into view.
The orc priest is wielding a +1 whip of venom.
The orc shouts!
The orc wizard shouts!
The orc priest shouts!
You hear a shout! x2
You hear a shout!
You hit the orc wizard.
The orc wizard is moderately wounded.
The orc wizard barely misses you. The rat bites you but does no damage.
The orc wizard points at you and mumbles some strange words.
The puff of flame hits you!
Ouch! That really hurt!
You die...

..#.#.####
.#......#.#.# ....
.......#.#.##.....
#................#
#....#...........#
#...o#[..........#
#..oo............#
#....##.<#.##...#
#..r@...........#
##...##..#...#.###.
.......##........##.#
#?#....##.##....##.#.
# #.....#.##..###.#.#
###...#.....##.#.#
.........†#.#.#
...........#.#
...#........#


You could see an orc priest, an orc wizard, an orc and a rat.

Vanquished Creatures
  2 adders (D:2)
  A worm (D:2)
  5 ball pythons
  4 bats
  An endoplasm (D:2)
  3 giant cockroaches
  3 goblins
  5 hobgoblins
  2 jackals (D:3)
  6 kobolds
  A quokka (D:1)
  3 frilled lizards
  8 rats
44 creatures vanquished.

Notes
Turn   | Place    | Note
-------+----------+-------------------------------------------
     0 | D:1      | styxcanada the Spriggan Brigand began the quest for the
                  | Orb.
     0 | D:1      | Reached XP level 1. HP: 10/10 MP: 2/2
    36 | D:1      | Reached skill level 6 in Stealth
   243 | D:1      | Reached XP level 2. HP: 14/14 MP: 3/3
   540 | D:1      | Found a faded altar of an unknown god.
   969 | D:2      | Reached skill level 7 in Stealth
   969 | D:2      | Reached XP level 3. HP: 5/18 MP: 4/4
  2121 | D:3      | Killed from afar by an orc wizard

Illustrated notes

Levels and vault maps discovered:
D:1:      dpeg_arrival_more_subterranean_lakeside_camping, layout_rooms,
          dreamdust_ecumenical_altar_grove, amcnicky_mini_corridor_feature
D:2:      layout_loops_ring, grunt_ministairs_12
D:3:      minmay_inner_zag, layout_basic, amethyst_overflow_temple_binary,
          zin_angel

Skill      XL: |  1  2 |
---------------+-------+-----
Stealth        | 6 7 |  7.5
Dodging        | 2 |  2.4
Fighting       | |  1.8
Short Blades   | |  2.2
Throwing       | |  2.3

Action                   || total
-------------------------++-------
Melee: Dagger            ||   100
Throw: Dart              ||    23
 Stab: Sleeping          ||    12
Armor: Robe              ||    13
Dodge: Dodged            ||    76
